 Dungeon Crawl Stone Soup version 0.22-a0-223-g0f5d773 (webtiles) character file.

275 vishdafish the Slasher (level 6, 47/47 HPs)
             Began as a Demonspawn Gladiator on Feb 18, 2018.
             Quit the game on level 3 of the Dungeon.
             The game lasted 00:03:39 (3220 turns).

vishdafish the Slasher (Demonspawn Gladiator)       Turns: 3220, Time: 00:03:40

Health: 47/47      AC:  8    Str: 17    XL:     6   Next: 3%
Magic:  15/15      EV: 11    Int:  9    God:
Gold:   145        SH:  0    Dex: 14    Spells: 5/5 levels left

rFire    . . .     SeeInvis .   a - +1 long sword
rCold    . . .     Gourm    .   (no shield)
rNeg     . . .     Faith    .   g - +0 scale mail
rPois    .         Spirit   .   (helmet unavailable)
rElec    .         Reflect  .   (no cloak)
rCorr    .         Harm     .   (no gloves)
MR       .....                  (no boots)
Stlth    ..........             (no amulet)
HPRegen  0.15/turn              m - ring of magical power
MPRegen  0.14/turn              (no ring)

@: no status effects
A: horns 3, icy blue scales 1
a: no special abilities


You were on level 3 of the Dungeon.
You were hungry.

You visited 1 branch of the dungeon, and saw 3 of its levels.

You collected 145 gold pieces.

Inventory:

Hand Weapons
 a - a +1 long sword (weapon)
Missiles
 i - 26 bolts
Armour
 b - a +0 leather armour
 c - a +0 helmet
 g - a +0 scale mail (worn)
Jewellery
 m - a ring of magical power (left hand)
Wands
 d - a wand of scattershot (2)
 o - a wand of polymorph (10)
 p - a wand of digging (9)
 t - a wand of acid (11)
Scrolls
 j - a scroll of enchant weapon
 l - a scroll of remove curse
 n - 2 scrolls of teleportation
 q - 3 scrolls of identify
 r - a scroll of magic mapping {unknown}
 u - a scroll of fear {unknown}
Potions
 e - a potion of agility
 h - 2 potions of curing {unknown}
 k - a potion of haste
 s - a potion of experience {unknown}
Comestibles
 f - 7 rations


   Skills:
 + Level 3.3 Fighting
 * Level 4.4 Long Blades
 + Level 2.9 Throwing
 + Level 3.6 Dodging


You had 5 spell levels left.
You didn't know any spells.

Dungeon Overview and Level Annotations

Branches:
Dungeon (3/15)

Altars:


Innate Abilities, Weirdness & Mutations

You have a pair of large horns on your head.
You are partially covered in icy blue scales. (AC +2)


Message History

No target in view!
No target in view!
No target in view!
Found a scroll labeled JYVOWE GEOKA.
Things that are here:
a dagger; a goblin corpse
Things that are here:
a short sword; a kobold corpse
u - a scroll labeled JYVOWE GEOKA No target in view!
No target in view!
No target in view!
No target in view!
No target in view!
You now have 145 gold pieces (gained 11).
Done exploring.
Done exploring.
Done exploring.
No target in view!
Are you sure you want to abandon this character and quit the game? (Confirm with "yes".)

..# #... ..# #... ..# #... ..#
#... ..################## ####
...................##############
.................................
.......#..######.#.###.##########
.......##.## #@#.....#.........
.......##..# #.####..#.########
...)).####.# #.####..#.# #..
......# #.# #.#.....#.######.#
......# #.# #.#.###.#........#
...#### #.## #.#.# #.##########
...# #..# #.#.# #.# ...# ##.##
#.#.# #.# ####
...########..###.#.# #.# #...


There were no monsters in sight!

Vanquished Creatures
  An orc wizard (D:3)
  Natasha (thrice) (D:2)
  4 gnolls (D:3)
  4 adders
  A river rat (D:3)
  An ooze (D:1)
  2 worms
  A dart slug (D:1)
  6 leopard geckos
  4 orcs (D:3)
  7 giant cockroaches
  4 goblins
  7 hobgoblins
  2 jackals (D:1)
  A quokka (D:3)
  A ball python (D:2)
  7 bats
  5 frilled lizards
  10 kobolds
  5 rats
76 creatures vanquished.

Notes
Turn   | Place    | Note
-------+----------+-------------------------------------------
     0 | D:1      | vishdafish the Demonspawn Gladiator began the quest for the Orb.
     0 | D:1      | Reached XP level 1. HP: 16/16 MP: 1/1
   171 | D:1      | Gained mutation: You are partially covered in icy blue scales. (AC +2) [demonic ancestry]
   171 | D:1      | Reached XP level 2. HP: 22/22 MP: 2/2
   208 | D:1      | Reached skill level 3 in Long Blades
   482 | D:1      | Reached XP level 3. HP: 24/28 MP: 3/3
   889 | D:2      | Noticed Natasha
  1157 | D:2      | Killed Natasha
  1296 | D:2      | Gained mutation: You have a pair of small horns on your head. [demonic ancestry]
  1296 | D:2      | Reached XP level 4. HP: 25/34 MP: 4/4
  1571 | D:2      | Noticed Natasha
  1581 | D:2      | Killed Natasha
  1595 | D:2      | Noticed Natasha
  1603 | D:2      | Killed Natasha
  1952 | D:2      | Found a faded altar of an unknown god.
  2127 | D:2      | Gained mutation: You have a pair of horns on your head. [demonic ancestry]
  2127 | D:2      | Reached XP level 5. HP: 40/40 MP: 5/5
  2257 | D:3      | Reached skill level 4 in Long Blades
  3059 | D:3      | Gained mutation: You have a pair of large horns on your head. [demonic ancestry]
  3059 | D:3      | Reached XP level 6. HP: 46/47 MP: 6/6
  3220 | D:3      | Quit the game

Vault maps used:
D:1:      dpeg_arrival_circle_labyrinth_c, minmay_distorted
D:2:      cheibrodos_old_hovel, first_ration, chequers_ecumenical_altar_island,
          uniq_natasha
D:3:      gup_sewer_entry_bowl

Skill      XL: |  1  2  3  4  5 |
---------------+----------------+-----
Throwing       | 2 |  2.9
Long Blades    | 3 4 |  4.4
Dodging        | 3 |  3.6
Fighting       | 3 |  3.3

Action                   |  1- 3 |  4- 6 || total
-------------------------+-------+-------++-------
Melee: Long sword        |    91 |   127 ||   218
       Headbutt          |       |    17 ||    17
Throw: Throwing net      |     1 |     3 ||     4
  Use: Scroll            |       |     6 ||     6
       Potion            |       |     1 ||     1
 Stab: Held in net/web   |       |     1 ||     1
  Eat: Chunk             |     1 |     6 ||     7
Armor: Scale mail        |    56 |    48 ||   104
       Leather armour    |     1 |       ||     1
Dodge: Dodged            |    71 |    93 ||   164
       Rpst.: Long sword |    21 |    25 ||    46

Table legend:
 A = Spawn XP
 B = Non-spawn XP
 C = Spawn XP percentage of total XP
 D = Spawn monster count
 E = Non-spawn monster count
 F = Spawn count percentage of total count
 G = Total turns spent on level
                    A         B        C        D         E        F      G
               +---------+---------+-------+---------+---------+-------+---------
         Total |       0 |     393 |   0.0 |       0 |      76 |   0.0 |  3220
               +---------+---------+-------+---------+---------+-------+---------
           D:1 |       0 |      49 |   0.0 |       0 |      25 |   0.0 |  1307
           D:2 |       0 |     147 |   0.0 |       0 |      21 |   0.0 |   936
           D:3 |       0 |     197 |   0.0 |       0 |      30 |   0.0 |   977
               +---------+---------+-------+---------+---------+-------+---------
